 Dungeon Crawl Stone Soup version 0.31.0-12-g77e489cdc1 (webtiles) character file.

Game seed: 15831291523390035550

1503994 FexLirch the Portalist (level 26, 135/135 (156) HPs)
             Began as a Felid Shapeshifter on Feb 22, 2024.
             Was the Champion of Ru.
             Escaped with the Orb
             ... and 3 runes on Feb 25, 2024!
             The game lasted 11:33:45 (92852 turns).

FexLirch the Portalist (Felid Shapeshifter)        Turns: 92852, Time: 11:33:45

HP:   135/135 (156) AC: 12    Str:  6    XL:     26
MP:   32/38         EV: 58    Int: 13    God:    Ru [******]
Gold: 3514          SH:  0    Dex: 18    Spells: 19/45 levels left
                                        Lives: 2   Deaths: 4

rFire   + +          +
                       - Unarmed
rCold   + . .        (shield unavailable)
rNeg    + . .        (body armour unavailable)
rPois   ∞            (helmet unavailable)
rElec   +            (cloak unavailable)
rCorr   +            (gloves unavailable)
SInv    +            (boots unavailable)
Will    ++++.        E - amulet of magic regeneration
Stlth   ++           V - ring of Catyafe {rElec rC+ Will+ rCorr Int-2}
HPRegen 0.42/turn    Y - ring "Qocauqer" {rPois rF+++ rN+ Str-4 Int-3}
MPRegen 0.66/turn

%: no passive effects
@: exhausted, storm-form, flying, heavily drained
A: cleaving, insubstantial, flying, very small, (claws 1), (fangs 3), see
invisible, (shaggy fur 3), weak 2, no potion heal 1, inability to drink after
injury 2, inability to use devices, hated by all, inexperienced 1, (stealthy
paws), no weapons or thrown items, no armour, multi-lived, dopey 1, mutation
resistance 1
0: Orb of Zot
}: 3/15 runes: decaying, slimy, gossamer
a: Blinkbolt, Begin Untransformation, Renounce Religion, Draw Out Power, Power
Leap, Apocalypse


You escaped.
You worshipped Ru.
Ru was exalted by your worship.
You were a lightning-filled tempest!
You visited 13 branches of the dungeon, and saw 56 of its levels.
You visited the Abyss 2 times.
You visited 1 bazaar.
You also visited: Trove.

You collected 7664 gold pieces.
You spent 4150 gold pieces at shops.

Inventory:

Jewellery
 c - an amulet of regeneration
 r - a ring of wizardry
 t - the ring "Tusmunki" {rElec rCorr}
   (You took it off a deep elf sorcerer on level 3 of the Elven Halls)

   [ring of resist corrosion]

   rElec:     It insulates you from electricity.
   rCorr:     It protects you from acid and corrosion.
 C - the ring "Pasko" {rC+ rN+ Will+}
   (You found it on level 3 of the Crypt)

   [ring of positive energy]

   rC+:       It protects you from cold.
   rN+:       It protects you from negative energy.
   Will+:     It increases your willpower.
 E - an amulet of magic regeneration (around neck)
 I - the ring "Bodosch" {Will+ Str+6}
   (You bought it in a shop on level 10 of the Dungeon)

   [ring of strength]

   Str+6:     It affects your strength (+6).
   Will+:     It increases your willpower.
 K - a ring of protection from fire
 Q - a ring of magical power
 S - the ring of Xom's Passing Interest {Ice rN+ MP+9}
   (You found it on level 3 of the Depths)

   [ring of ice]

   Ice:       It enhances your ice magic.
   rF-:       It makes you vulnerable to fire.
   rC+:       It protects you from cold.
   rN+:       It protects you from negative energy.
   MP+9:      It affects your magic capacity (+9).
 V - the ring of Catyafe (left paw) {rElec rC+ Will+ rCorr Int-2}
   (You took it off a deep elf annihilator on level 3 of the Elven Halls)

   [ring of protection from cold]

   Int-2:     It affects your intelligence (-2).
   rC+:       It protects you from cold.
   rElec:     It insulates you from electricity.
   Will+:     It increases your willpower.
   rCorr:     It protects you from acid and corrosion.
 W - the ring of the Commoners {+Blink MP+9 EV+5 Int+2}
   (You took it off a deep elf blademaster on level 3 of the Elven Halls)

   [ring of evasion]

   EV+5:      It affects your evasion (+5).
   Int+2:     It affects your intelligence (+2).
   MP+9:      It affects your magic capacity (+9).
   +Blink:    It lets you blink.
 Y - the ring "Qocauqer" (right paw) {rPois rF+++ rN+ Str-4 Int-3}
   (You found it on level 3 of the Crypt)

   [ring of positive energy]

   Str-4:     It affects your strength (-4).
   Int-3:     It affects your intelligence (-3).
   rF+++:     It renders you almost immune to fire.
   rPois:     It protects you from poison rN+: It protects you from negative
   energy.
 Z - the amulet of a Hundred Dances {Will++ Regen+ Slay+2}
   (You found it on level 3 of the Crypt)

   [amulet of regeneration]

   Slay+2:    It affects your accuracy & damage with ranged weapons and melee
   (+2).
   Will++:    It greatly increases your willpower.
   Regen+:    It increases your rate of health regeneration.
Talismans
 F - a talisman of death
 M - the serpent talisman "Qairashi" {rC+}
   (You took it off Aizul on level 2 of the Spider Nest)

   [serpent talisman]

   rC+:       It protects you from cold.
 N - a granite talisman
 U - a dragon-blood talisman
 X - a storm talisman (active)
Scrolls
 b - 3 scrolls of immolation
 f - 4 scrolls of fog
 g - 7 scrolls of revelation
 k - 9 scrolls of teleportation
 m - 7 scrolls of vulnerability
 o - 6 scrolls of blinking
 p - 12 scrolls of fear
 s - 8 scrolls of poison
 u - 10 scrolls of silence
 v - 4 scrolls of torment
 z - 7 scrolls of noise
 B - 11 scrolls of amnesia
Potions
 a - 3 potions of lignification
 d - 13 potions of heal wounds
 h - 2 potions of resistance
 i - 3 potions of haste
 j - 4 potions of magic
 l - 23 potions of curing
 n - 10 potions of attraction
 q - 7 potions of invisibility
 w - 5 potions of enlightenment
 x - 6 potions of ambrosia
 A - a potion of berserk rage
 D - 3 potions of might
 G - 4 potions of brilliance
 H - a potion of cancellation
 R - 2 potions of mutation


   Skills:
 + Level 21.8 Fighting
 + Level 25.8 Dodging
 + Level 15.8 Stealth
 + Level 20.2 Unarmed Combat
 - Level 10.0 Spellcasting
 + Level 26.3 Translocations
 - Level 10.0 Ice Magic
 - Level 8.0 Air Magic
 - Level 23.0 Shapeshifting


You had 19 spell levels left.
You knew the following spells:

 Your Spells              Type           Power      Damage    Failure   Level
a - Foxfire               Conj/Fire      24%        2x1d5     11%         1
b - Ozocubu's Armour      Ice            32%        N/A       1%          3
c - Blink                 Tloc           100%       N/A       0%          2
d - Manifold Assault      Tloc           66%        N/A       0%          4
e - Passage of Golubria   Tloc           66%        N/A       0%          4
f - Swiftness             Air            27%        N/A       1%          3
g - Dispersal             Tloc           33%        N/A       1%          6
h - Apportation           Tloc           100%       N/A       0%          1
i - Lesser Beckoning      Tloc           100%       N/A       0%          2

Your spell library contained the following spells:

 Spells                   Type           Power      Damage    Failure   Level
 Gell's Gravitas          Tloc           66%        N/A       0%          3
 Teleport Other           Tloc           66%        N/A       0%          3
 Freeze                   Ice            100%       1d10      1%          1
 Momentum Strike          Conj/Tloc      80%        3d10      1%          2
 Frozen Ramparts          Ice            64%        1d10      1%          3
 Volatile Blastmotes      Fire/Tloc      80%        2d16      1%          3
 Vhi's Electric Charge    Tloc/Air       100%       N/A       1%          4
 Disjunction              Tloc           33%        N/A       1%          8
 Shock                    Conj/Air       64%        1d7       2%          1
 Ensorcelled Hibernation  Hex/Ice        38%        N/A       2%          2
 Mercury Vapours          Alch/Air       32%        N/A       3%          2
 Static Discharge         Conj/Air       32%        3-5/arc   3%          2
 Airstrike                Air            13%        2d(2-18)  4%          4
 Cigotuvi's Dreadful Rot  Necr/Alch/Air  26%        N/A       6%          2
 Kiss of Death            Conj/Necr      24%        2d7       11%         1
 Magic Dart               Conj           24%        1d4       11%         1
 Necrotise                Necr           24%        1d5       11%         1
 Sandblast                Erth           12%        2d6       11%         1
 Slow                     Hex            24%        N/A       11%         1
 Sting                    Conj/Alch      24%        1d4       11%         1
 Mephitic Cloud           Conj/Alch/Air  13%        N/A       12%         3
 Jinxbite                 Hex            12%        N/A       17%         2
 Scorch                   Fire           12%        2d5       17%         2
 Freezing Cloud           Conj/Ice/Air   11%        6-21      26%         5
 Confusing Touch          Hex            6%         N/A       32%         3
 Dazzling Flash           Conj/Hex       12%        N/A       32%         3
 Fugue of the Fallen      Necr           6%         N/A       32%         3
 Passwall                 Erth           6%         N/A       32%         3
 Sigil of Binding         Hex            6%         N/A       32%         3
 Stone Arrow              Conj/Erth      12%        3d7       32%         3
 Vampiric Draining        Necr           6%         2d6       32%         3
 Metabolic Englaciation   Hex/Ice        9%         N/A       36%         5
 Arcjolt                  Conj/Air       8%         1d18      52%         5
 Silence                  Hex/Air        8%         N/A       52%         5
 Anguish                  Hex/Necr       3%         N/A       73%         4
 Dispel Undead            Necr           6%         3d8       73%         4
 Flame Wave               Conj/Fire      6%         2d5       73%         4
 Fulminant Prism          Conj/Alch      3%         3d5       73%         4
 Ignite Poison            Fire/Alch      6%         N/A       73%         4
 Leda's Liquefaction      Alch/Erth      3%         N/A       73%         4
 Petrify                  Alch/Erth      6%         N/A       73%         4
 Sticky Flame             Fire/Alch      6%         2d4       73%         4
 Ozocubu's Refrigeration  Ice            16%        4d11      83%         7
 Curse of Agony           Necr           6%         N/A       97%         5
 Irradiate                Conj/Alch      3%         3d12      97%         5
 Lee's Rapid Deconstruct  Erth           3%         3d5*      97%         5
 Yara's Violent Unravell  Hex/Alch       3%         3d4       97%         5
 Plasma Beam              Fire/Air       8%         2x1d18    97%         6
 Starburst                Conj/Fire      3%         6d3       100%        6
 Ignition                 Fire           3%         3d4       100%        8
 Lehudib's Crystal Spear  Conj/Erth      3%         10d2      100%        8
 Polar Vortex             Ice            16%        12d2*     100%        9
 Summon Small Mammal      Summ           Unusable   N/A       N/A         1
 Call Imp                 Summ           Unusable   N/A       N/A         2
 Sublimation of Blood     Necr           Unusable   N/A       N/A         2
 Summon Lightning Spire   Summ/Air       Unusable   N/A       N/A         4
 Tukima's Dance           Hex            Unusable   N/A       N/A         3
 Malign Gateway           Summ/Tloc      Unusable   N/A       N/A         7
 Martyr's Knell           Necr/Summ      Unusable   N/A       N/A         4
 Death Channel            Necr           Unusable   N/A       N/A         6
 Summon Cactus Giant      Summ           Unusable   N/A       N/A         6

Dungeon Overview and Level Annotations

Branches:
Dungeon (15/15)            Temple (0/1) D:6            Lair (5/5) D:11
  Swamp (4/4) Lair:3       Spider (4/4) Lair:3        Slime (5/5) Lair:4
    Orc (2/2) D:10            Elf (3/3) Orc:2        Vaults (4/5) D:13
  Crypt (3/3) Vaults:3       Tomb (1/3) Crypt:3      Depths (4/4) D:15
   Hell (visited)             Zot (5/5) Depths:4
    Dis: Hell:1         Geh: Hell:1         Coc: Hell:1         Tar: Hell:1

Altars:
Ashenzari
Dithmenos
Elyvilon
Gozag
Kikubaaqudgha
Nemelex Xobeh
Qazlal
Ru
Sif Muna
Trog
Uskayaw
Wu Jian
Zin
The Shining One

Shops:
D:1 :   D:3 ?   D:7 =   D:9 [   D:10 *=   Orc:2 :[[:   Elf:2 (   Vaults:1 ?
Vaults:2 (   Vaults:3 (   Depths:1 *   Depths:3 =   Depths:4 [=

Portals:
Hell: Depths:1 Depths:3 Depths:4
Abyss: Depths:3
Pandemonium: Depths:1 Depths:2 Depths:3
Ziggurat: Depths:1

Annotations:
D:9 exclusion: downstairs
Lair:5 exclusion: obsidian statue
Swamp:4 1 exclusion
Spider:1 Roxanne
Slime:5 exclusion: upstairs
Orc:2 1 exclusion
Elf:3 3 runed translucent doors, exclusion: 3 doors
Vaults:4 exclusion: 3 downstairs
Depths:2 3 runed translucent doors
Zot:1 3 runed translucent doors, brilapsti's ghost, veteran TrFi
Zot:3 1 runed translucent door, Purph's ghost, master DsGl
Zot:5 38 runed translucent doors, AutarchDCSS's ghost, legendary BaHu


Innate Abilities, Weirdness & Mutations

You are a lightning-filled tempest!
Your electrical attacks strike out in all directions at once.
You are incredibly evasive.
Your insubstantial body is immune to petrification, constriction, and being set on fire You are flying.
You are immune to poison.
((You have sharp claws.))
((You have razor-sharp teeth.))
You have supernaturally acute eyesight. (SInv)
((Your thick and shaggy fur keeps you warm. (AC +3, rC+)))
You are very weak. (Str -4)
Potions are less effective at restoring your health.
You sometimes lose the ability to drink potions when taking damage.
You cannot study or use magical devices.
You are hated by all.
You are somewhat inexperienced. (-1 XL)
((Your paws help you pounce on unaware monsters.))
You are incapable of wielding weapons or throwing items.
You cannot wear armour.
You gain extra lives every three experience levels.
You are dopey. (Int -2)
You are somewhat resistant to further mutation.


Message History

Aiming: Passage of Golubria (safe; 0% risk of failure)
Press: ? - help, Dir - move target You enter the passage of Golubria.
There is a passage of Golubria here.
There is a stone staircase leading up here.
You feel sluggish.
You fly upwards.
There is a stone staircase leading down here.
A rust devil comes into view.
There is a stone staircase leading up here.
You fly upwards.
There is a stone staircase leading down here.
Magic restored.
You start to feel a little faster.
You no longer feel sluggish.
You see here a +0 orcbow.
There is a stone staircase leading up here.
You fly upwards.
There is a stone staircase leading down here.
There is a stone staircase leading up here.
You fly upwards.
There is a stone staircase leading down here.
A Brimstone Fiend comes into view.
A Brimstone Fiend is nearby!
You redirect the Brimstone Fiend's attack!
The Brimstone Fiend gestures at you.
The sphere of damnation explodes!
The damnation engulfs you!!!
There is a stone staircase leading up here.
You fly upwards.
There is a stone staircase leading down here.
There is a stone staircase leading up here.
You fly upwards.
There is a stone staircase leading down here.
There is an open door here.
There is a staircase leading out of the dungeon here.
Activating: Apocalypse
Press: ? - help, Dir - look around, f - activate You reveal the great annihilating truth to your foes!
You feel drained.
You have escaped!

.[........#...#≈.~#§≈≈#
#.###..####...#~.~#≈≈.#
#.# #..# #...#~.~#≈..#
#.# #..# #...#...#...#
#.###..# #...........#
......[# #...........#
#####.#####...........#
#.....#...........#
#######.....v.....#
#....(......#
#############


There were no monsters in sight!

Vanquished Creatures
  the Royal Jelly (Slime:5)
  2 dread liches
  The ghost of Heisao the Wrestler, a legendary TrBe of Trog (Zot:3)
  3 ancient liches (Zot:5)
  4 orbs of fire
  2 juggernauts (Depths:3)
  Parghit (Zot:1)
  Sojobo (Crypt:1)
  Boris (thrice) (Depths:1 Depths:3 Depths:4)
  Bai Suzhen (Elf:2)
  12 Killer Klowns (Zot:5)
  2 curse toes
  A caustic shrike (Depths:2)
  10 golden dragons
  Geryon (Hell)
  Norris (Elf:3)
  Nikola (Vaults:3)
  A bone dragon (Crypt:3)
  the Enchantress (Depths:2)
  Arachne (Spider:2)
  4 electric golems
  Jorgrun (D:15)
  2 liches (Crypt:3)
  16 tentacled monstrosities
  A walking frostbound tome (Depths:2)
  Asterion (Spider:1)
  24 Orb Guardians (Zot:5)
  Mlioglotl (Spider:2)
  2 deep elf master archers (Elf:3)
  3 deep elf blademasters
  20 acid blobs
  7 quicksilver dragons
  Gastronok (Lair:3)
  8 sphinxes
  7 tentacled starspawn
  10 death cobs
  2 ancient champions
  3 titans
  An Executioner (Abyss:3)
  A thorn hunter (Swamp:3)
  4 tengu reavers
  10 shadow dragons
  Kirke (D:14)
  Aizul (Spider:2)
  A fenstrider witch (Swamp:1)
  13 draconian monks
  Donald (Lair:3)
  14 azure jellies
  The ghost of Ypsiuj the Thaumaturge, an adept GnSk of Makhleb (Swamp:2)
  Agnes (D:14)
  7 protean progenitors
  2 daevas
  3 frost giants
  18 storm dragons
  3 revenants
  7 deep elf sorcerers
  9 emperor scorpions
  6 ghost moths
  6 draconian knights
  A fire giant (Depths:4)
  A juggernaut zombie (Crypt:1)
  13 rockslimes
  8 vault wardens
  8 draconian shifters
  2 iron dragons
  4 deep elf elementalists
  2 angels (Depths:1)
  2 ghouls (Crypt:1)
  A curse skull (Crypt:1)
  Louise (Swamp:2)
  2 balrugs
  9 draconian scorchers
  15 ironbound preservers
  8 draconian stormcallers
  5 spriggan defenders
  12 quicksilver oozes
  8 formless jellyfish
  4 broodmothers
  12 very ugly things
  An orc warlord (Orc:2)
  9 draconian annihilators
  15 black draconians
  3 reapers
  7 stone giants
  7 ironbound thunderhulks
  3 vampire knights
  Nessos (D:14)
  2 putrid mouths
  18 dire elephants
  6 war gargoyles
  15 white draconians
  24 red draconians
  22 green draconians
  A deep elf death mage (Crypt:2)
  4 deep elf demonologists (Elf:3)
  3 eleionomae
  9 yellow draconians
  7 spark wasps
  A lorocyproca (Abyss:4)
  7 deep elf annihilators (Elf:3)
  Azrael (Orc:2)
  7 bunyips
  14 purple draconians
  9 starcursed masses (Abyss:2)
  5 ettins
  3 crystal guardians (Crypt:3)
  A quicksilver dragon zombie (Tomb:1)
  7 eidola
  A merfolk impaler (Depths:3)
  6 jiangshi
  2 mummy priests (Tomb:1)
  10 fire dragons
  3 deep elf high priests (Elf:3)
  10 entropy weavers
  7 vault guards
  Josephine (D:14)
  6 yaktaur captains
  3 rakshasas (Depths:1)
  A hell beast (Hell)
  A peacekeeper (Vaults:3)
  9 great orbs of eyes
  4 ghost crabs
  6 spriggan air magi
  2 spriggan skeletons
  3 jorogumos (Spider:4)
  7 boulder beetles
  8 ironbound frosthearts
  A sphinx zombie (Crypt:1)
  7 alligators
  19 hydras
  8 ice dragons
  7 radroaches
  6 two-headed ogres
  An anaconda (Zot:3)
  17 centaur warriors
  7 deep troll shamans
  A death knight (D:9)
  A satyr (shapeshifter) (Vaults:4)
  The ghost of turdburglar the Mimic, a novice DrSh of Makhleb (D:9)
  2 death yaks (Lair:5)
  A naga warrior (Abyss:4)
  6 tengu warriors
  4 vampire magi
  6 death scarabs (Tomb:1)
  A hell hog (Abyss:3)
  11 deep troll earth magi
  7 demonic crawlers
  6 thrashing horrors
  5 orc high priests
  37 dancing weapons
  A titan zombie (Crypt:3)
  5 soul eaters
  2 spectral dire elephants (Lair:5)
  6 spriggan berserkers
  2 titan skeletons
  A storm dragon zombie (Crypt:3)
  10 sun demons
  20 hell knights
  3 skysharks
  15 deep elf knights
  8 iron trolls
  A skyshark (shapeshifter) (Depths:3)
  2 shadow wraiths
  2 wretched stars (Abyss:2)
  4 pharaoh ants
  7 goliath frogs
  A spectral anaconda (Lair:5)
  2 flayed ghosts
  49 deep trolls
  A spectral death yak (Lair:5)
  2 sun moths
  2 death drakes
  29 skeletal warriors
  A death drake (shapeshifter) (Depths:2)
  12 bog bodies
  9 lindwurms
  An anaconda skeleton (Crypt:3)
  A mana viper (Abyss:2)
  18 ironbound convokers
  14 orb spiders
  3 spriggan druids
  A shadow demon (Depths:2)
  3 glowing orange brains
  A steelbarb worm (shapeshifter) (Depths:4)
  8 deep elf archers
  5 arcanists
  20 deep elf zephyrmancers
  7 swamp dragons
  25 deep elf pyromancers
  9 orc knights
  A shining eye (shapeshifter) (Depths:2)
  2 spriggan simulacra (Crypt:2)
  4 harpies
  10 shining eyes
  3 phantasmal warriors
  14 necromancers
  6 steelbarb worms
  5 manticores
  21 wolf spiders
  A tengu skeleton (Vaults:3)
  An oklob plant (Lair:2)
  2 cyclopes
  5 orc sorcerers
  5 will-o-the-wisps
  4 salamanders (Zot:2)
  41 ugly things
  10 large abominations
  38 moths of wrath
  2 iron dragon skeletons
  7 meliai
  31 elephants
  A frost giant skeleton (Vaults:3)
  A guardian serpent (Abyss:4)
  A fire giant skeleton (Vaults:3)
  2 worldbinders
  3 kobold blastminers
  A black mamba (shapeshifter) (D:15)
  2 torpor snails
  14 vault sentinels
  13 cane toads
  A dire elephant zombie (Crypt:3)
  8 black mambas
  4 rust devils
  An apocalypse crab (Abyss:3)
  2 naga zombies
  A molten gargoyle (Hell)
  14 eyes of devastation
  A mana viper zombie (Crypt:2)
  10 smoke demons
  2 unseen horrors (D:11)
  A minotaur zombie (Crypt:1)
  An unseen horror (shapeshifter) (D:14)
  A redback zombie (Crypt:2)
  2 rime drakes
  2 efreet
  12 komodo dragons
  4 naga skeletons
  2 tormentors
  16 yaktaurs
  6 tengu conjurers
  3 kobold demonologists
  10 guardian mummies (Tomb:1)
  3 ancient zymes
  An ice devil (Hell)
  A freezing wraith (Crypt:1)
  A red devil (D:10)
  A red draconian skeleton (Crypt:2)
  9 trolls
  2 bloated husks
  A hydra zombie (Crypt:3)
  A troll (shapeshifter) (Elf:3)
  8 tyrant leeches
  54 tarantellas
  2 harpy skeletons
  2 spectral elephants (Lair:5)
  13 hornets
  4 polar bears
  28 blink frogs
  2 glass eyes
  A hydra skeleton (Tomb:1)
  A merfolk zombie (Crypt:3)
  A fire giant simulacrum (Vaults:3)
  A guardian serpent zombie (Crypt:2)
  A human simulacrum (Vaults:1)
  3 air elementals
  27 culicivoras
  129 slime creatures
  16 jumping spiders
  2 deep troll skeletons (Vaults:3)
  3 vampires
  14 wraiths
  4 ynoxinuls
  2 ushabtiu (Tomb:1)
  5 water elementals
  7 wyverns
  9 small abominations
  3 shadows
  Eustachio (D:6)
  An ettin skeleton (Crypt:1)
  17 yaks
  18 spriggans
  4 fire elementals
  2 fire bats (Abyss:3)
  An ice dragon skeleton (Crypt:1)
  A human (D:14)
  Grum (D:8)
  A black mamba skeleton (Tomb:1)
  14 golden eyes
  An unseen horror simulacrum (D:9)
  2 basilisks
  11 vampire mosquitoes
  4 hogs
  A spectral cane toad (Lair:5)
  3 chaos spawn (Abyss:2)
  A steam dragon (D:7)
  4 neqoxecs
  A redback (shapeshifter) (Elf:1)
  61 redbacks
  4 wargs (Orc:2)
  Edmund (D:6)
  A spatial vortex (Abyss:2)
  A fire bat zombie (Crypt:1)
  14 swamp worms
  8 water moccasins
  2 acid dragons (D:9)
  2 hell hounds (Orc:2)
  2 glowing shapeshifter skeletons (Vaults:3)
  2 sky beasts (D:7)
  An ice beast (D:6)
  36 laughing skulls
  47 orc warriors
  6 swamp drakes
  5 human skeletons (Vaults:3)
  5 centaurs
  A hog zombie (Crypt:1)
  16 wolves
  2 elephant skeletons (Lair:5)
  15 ogres
  A kobold brigand (D:13)
  2 phantoms
  6 earth elementals
  2 brain worms (Abyss:3)
  A weeping skull (Abyss:2)
  14 bullfrogs
  A gnoll sergeant (D:7)
  2 necrophages (Crypt:3)
  34 scorpions
  10 wights
  10 killer bees
  8 electric eels
  8 howler monkeys
  A bullfrog zombie (D:4)
  A wolf skeleton (Crypt:2)
  A wyvern simulacrum (D:9)
  A hound (D:5)
  6 jellies
  A bombardier beetle (D:5)
  30 orc priests
  Crazy Yiuf (D:7)
  2 gnoll boudas (D:7)
  An iron imp (Abyss:3)
  3 centaur skeletons
  A hell rat (Abyss:4)
  23 orc wizards
  2 scorpion zombies (D:4)
  6 iguanas
  A spectral killer bee (D:9)
  An ice beast zombie (Crypt:1)
  A centaur simulacrum (D:9)
  A hound zombie (D:4)
  A hound skeleton (D:4)
  9 mummies (Tomb:1)
  10 gnolls
  3 adders
  A shadow imp (D:8)
  5 white imps
  3 ufetubi
  2 adder zombies (D:4)
  A lava snake zombie (Crypt:2)
  2 adder skeletons (D:4)
  4 dart slugs
  4 ribbon worms
  112 orcs
  11 ball pythons
  7 endoplasms
  6 giant cockroaches
  6 goblins
  5 hobgoblins
  5 quokkas
  4 bats
  2 frilled lizards (D:2)
  10 kobolds
  4 rats
  2 aspiring fleshes
  A spectral weapon (Spider:1)
  4 starspawn tentacles
2613 creatures vanquished.

Vanquished Creatures (others)
  A Killer Klown (Zot:5)
  the Lernaean hydra (Swamp:4)
  A golden dragon (Zot:2)
  An Orb Guardian (Zot:5)
  An ancient champion (Crypt:1)
  A shadow dragon (Depths:4)
  A protean progenitor (Zot:4)
  A draconian scorcher (Zot:1)
  A deep elf sorcerer (Elf:3)
  A draconian knight (Zot:1)
  A vault warden (Vaults:4)
  A draconian stormcaller (Zot:1)
  A ghoul (Crypt:3)
  An ironbound thunderhulk (Vaults:4)
  A spriggan defender (Depths:2)
  A quicksilver ooze (Depths:4)
  A dire elephant (Vaults:2)
  An eleionoma (Swamp:4)
  A red draconian (Depths:4)
  An entropy weaver (Spider:2)
  A jorogumo (Spider:4)
  A hydra (Swamp:3)
  A peacekeeper (Vaults:3)
  A centaur warrior (Vaults:4)
  A deep troll shaman (Depths:1)
  A dancing weapon (Elf:2)
  An anaconda (Zot:3)
  A two-headed ogre (Orc:2)
  A tengu warrior (Depths:3)
  3 deep elf knights
  A swamp dragon (Swamp:2)
  A deep elf archer (Elf:1)
  An orb spider (Spider:4)
  6 deep trolls
  A deep elf pyromancer (Elf:3)
  4 wolf spiders
  A deep elf zephyrmancer (Elf:1)
  An ugly thing (Vaults:4)
  A kobold blastminer (Orc:2)
  2 moths of wrath
  A smoke demon (Depths:1)
  2 tarantellas
  A jumping spider (Spider:4)
  3 slime creatures
  A spriggan (Lair:1)
  A yak (Lair:2)
  A ynoxinul (Abyss:2)
  A golden eye (Depths:4)
  2 redbacks
  An ogre (Orc:2)
  2 orc priests (Orc:2)
  319 foxfires
  A lurking horror (Abyss:2)
  8 starspawn tentacles
395 creatures vanquished.

Grand Total: 3008 creatures vanquished

Notes
Turn   | Place    | Note
-------+----------+-------------------------------------------
     0 | D:1      | FexLirch the Felid Shapeshifter began the quest for the
                  | Orb.
     0 | D:1      | Reached XP level 1. HP: 10/10 MP: 2/2
   152 | D:1      | Reached XP level 2. HP: 14/14 MP: 3/3
   542 | D:1      | Found Yset's Book Boutique.
   856 | D:2      | Reached XP level 3. HP: 18/18 MP: 4/4
  1141 | D:2      | Got the Codex of Talus
  1161 | D:2      | Learned a level 1 spell: Foxfire
  1186 | D:2      | Found a faded altar of an unknown god.
  1207 | D:2      | Prayed at the altar of an unknown god.
  1207 | D:2      | Became a worshipper of Ru the Awakened
  1640 | D:3      | Reached skill level 1 in Stealth
  1845 | D:3      | Reached XP level 4. HP: 17/23 MP: 5/5
  1845 | D:3      | Gained a life (2 lives remaining)
  2043 | D:3      | Found Ixokeneacu's Magic Scroll Emporium.
  2078 | D:3      | Bought a scroll of blinking for 90 gold pieces
  2078 | D:3      | Bought a scroll of fear for 48 gold pieces
  2292 | D:4      | Reached XP level 5. HP: 26/26 MP: 4/6
  2622 | D:4      | Gained mutation: You cannot study or use magical devices.
                  | [Ru sacrifice]
  2622 | D:4      | Reached * piety under Ru
  2622 | D:4      | Reached ** piety under Ru
  2665 | D:4      | Noticed a phantom
  2675 | D:5      | Entered Level 5 of the Dungeon
  2685 | D:5      | Noticed an ogre
  2694 | D:5      | Noticed a centaur
  2817 | D:6      | Noticed Eustachio
  2985 | D:6      | Gained mutation: You are covered in thick fur. (AC +2)
                  | [Felid growth]
  2985 | D:6      | Reached XP level 6. HP: 32/32 MP: 7/7
  3067 | D:5      | Found a broken altar of Ashenzari.
  3158 | D:5      | Reached XP level 7. HP: 36/36 MP: 8/8
  3341 | D:4      | Learned a level 3 spell: Ozocubu's Armour
  3425 | D:3      | Bought a scroll of identify for 24 gold pieces
  3554 | D:5      | Found a white marble altar of Elyvilon.
  3565 | D:5      | Reached skill level 5 in Dodging
  3658 | D:5      | Reached skill level 5 in Shapeshifting
  3920 | D:5      | Found a glowing golden altar of the Shining One.
  4290 | D:7      | Reached XP level 8. HP: 37/42 MP: 5/9
  4462 | D:7      | Found a stormy altar of Qazlal.
  4468 | D:7      | Found Jiuqat's Jewellery Shoppe.
  4631 | D:7      | Reached skill level 5 in Stealth
  4635 | D:7      | Reached skill level 5 in Unarmed Combat
  4748 | D:6      | Noticed Edmund
  5385 | D:7      | Found a runed translucent door.
  5386 | D:7      | Noticed Crazy Yiuf
  5400 | D:7      | Killed Crazy Yiuf
  5509 | D:8      | Noticed Grum
  6175 | D:8      | Gained mutation: You are weak. (Str -2) [Ru sacrifice]
  6175 | D:8      | Reached *** piety under Ru
  6251 | D:8      | Reached XP level 9. HP: 41/46 MP: 6/10
  6254 | D:8      | Reached skill level 5 in Fighting
  6855 | D:1      | Bought a book of Minor Magic for 208 gold pieces
  6858 | D:1      | Learned a level 2 spell: Blink
  7063 | D:6      | Found a hazy altar of Hepliaklqana.
  7089 | D:6      | Found a staircase to the Ecumenical Temple.
  7176 | D:6      | Killed Eustachio
  7284 | D:6      | Killed Edmund
  8179 | D:8      | Found a sparkling altar of Nemelex Xobeh.
  8180 | D:8      | Found an opulent altar of Gozag.
  8376 | D:9      | Noticed a death knight
  8438 | D:8      | Reached skill level 1 in Translocations
  8469 | D:8      | Killed Grum
  8470 | D:8      | Reached skill level 2 in Translocations
  8470 | D:8      | Reached skill level 1 in Ice Magic
  8470 | D:8      | Reached XP level 10. HP: 37/52 MP: 11/11
  9069 | D:9      | Found a transporter.
  9086 | D:9      | Found a transporter.
  9087 | D:9      | Noticed a tengu warrior
  9118 | D:9      | Reached skill level 3 in Translocations
  9365 | D:9      | Noticed a two-headed ogre
  9379 | D:9      | Killed a two-headed ogre
  9389 | D:9      | Noticed a moth of wrath
  9390 | D:9      | Noticed a two-headed ogre
  9465 | D:9      | Found a bloodstained altar of Trog.
  9468 | D:9      | Found an ancient bone altar of Kikubaaqudgha.
  9473 | D:9      | Found Faerha's Armour Boutique.
  9488 | D:10     | Entered Level 10 of the Dungeon
  9517 | D:9      | Noticed turdburglar's ghost (novice DrSh)
  9523 | D:9      | Found a bloodstained altar of Trog.
  9555 | D:10     | Found a blossoming altar of Fedhas.
  9686 | D:10     | Found Jiapp's Jewellery Shoppe.
  9912 | D:10     | Found a staircase to the Orcish Mines.
  9919 | D:10     | Paralysed by a hornet for 1 turns
  9923 | D:10     | Reached skill level 4 in Translocations
 10017 | D:10     | Found Duph's Assorted Antiques.
 10271 | D:10     | Gained mutation: You are somewhat inexperienced. (-1 XL)
                  | [Ru sacrifice]
 10271 | D:10     | Reached XP level 9. HP: 49/49 MP: 10/10
 10271 | D:10     | Reached **** piety under Ru
 10664 | D:11     | Noticed a two-headed ogre
 10680 | D:11     | Killed a two-headed ogre
 10681 | D:11     | Reached skill level 5 in Translocations
 10817 | D:11     | Found a shadowy altar of Dithmenos.
 10841 | D:11     | Reached XP level 10. HP: 38/55 MP: 11/11
 11014 | D:11     | Slain by a manticore
 11014 | D:11     | Lost a life (1 life remaining)
 11318 | D:11     | Reached skill level 1 in Spellcasting
 11805 | D:11     | Found a staircase to the Lair.
 12178 | D:12     | Reached skill level 10 in Dodging
 12433 | D:12     | Learned a level 4 spell: Manifold Assault
 12473 | D:12     | Reached skill level 6 in Translocations
 12678 | D:12     | Noticed a white ugly thing
 13430 | D:13     | Noticed a cyan ugly thing
 13628 | Lair:1   | Entered Level 1 of the Lair of Beasts
 14008 | D:11     | Reached skill level 7 in Translocations
 14296 | Lair:1   | Reached XP level 11. HP: 60/60 MP: 13/13
 14296 | Lair:1   | Gained a life (2 lives remaining)
 14300 | Lair:1   | Reached skill level 10 in Shapeshifting
 14812 | Lair:1   | Reached skill level 8 in Translocations
 14822 | Lair:1   | Reached skill level 5 in Ice Magic
 14845 | Lair:1   | Identified the +1 robe of the Imp {Int+3 Dex+2 Archmagi}
 16448 | Lair:2   | Reached skill level 9 in Translocations
 17131 | Lair:2   | Gained mutation: Your thick and shaggy fur keeps you warm.
                  | (AC +3, rC+) [Felid growth]
 17131 | Lair:2   | Reached XP level 12. HP: 48/64 MP: 14/14
 17361 | Lair:3   | Found a hole to the Spider Nest.
 18311 | Lair:3   | Noticed Gastronok
 18362 | Lair:3   | Killed Gastronok
 18442 | Lair:3   | Reached skill level 10 in Translocations
 18842 | Lair:3   | Found a staircase to the Swamp.
 19614 | Lair:4   | Found a staircase to the Slime Pits.
 19614 | Lair:4   | Found a viscous altar of Jiyva.
 20367 | Lair:4   | Reached skill level 10 in Unarmed Combat
 20783 | Lair:5   | Entered Level 5 of the Lair of Beasts
 21064 | D:11     | Reached skill level 10 in Fighting
 21192 | Orc:1    | Entered Level 1 of the Orcish Mines
 22158 | Orc:1    | Gained mutation: Potions are less effective at restoring
                  | your health. [Ru sacrifice]
 22158 | Orc:1    | Reached ***** piety under Ru
 22438 | Orc:1    | Reached XP level 13. HP: 68/71 MP: 15/15
 22455 | Orc:1    | Reached skill level 11 in Translocations
 22918 | D:1      | Bought a manual of Fighting for 1040 gold pieces
 23698 | Lair:5   | Found a glowing silver altar of Zin.
 24271 | Lair:5   | Got the Secrets of the Magpie
 24686 | Lair:5   | Gained mutation: You are hated by all. [Ru sacrifice]
 25558 | Orc:2    | Entered Level 2 of the Orcish Mines
 26412 | Orc:2    | Reached skill level 12 in Translocations
 26686 | Orc:2    | Found Jeuteram's Book Emporium.
 26819 | Orc:2    | Found Xadiun's Antique Armour Shoppe.
 27050 | Orc:2    | Gained mutation: You occasionally lose the ability to drink
                  | potions when taking damage. [Ru sacrifice]
 27050 | Orc:2    | Gained mutation: You sometimes lose the ability to drink
                  | potions when taking damage. [Ru sacrifice]
 27050 | Orc:2    | Reached ****** piety under Ru
 27110 | Orc:2    | Noticed Azrael
 27128 | Orc:2    | Killed Azrael
 27672 | Orc:2    | Identified the scarf "Nyc Tub" {+Inv, Harm Str+3 Int-5}
 27958 | Orc:2    | Found a staircase to the Elven Halls.
 28458 | Orc:2    | Found Wuolung's Book Boutique.
 28726 | Orc:2    | Reached XP level 14. HP: 79/79 MP: 4/16
 29358 | Orc:2    | Found Famui's Antique Armour Shoppe.
 29858 | D:13     | Found a glowing silver altar of Zin.
 30007 | D:13     | Identified the +0 ring mail "Gauseodian" {^Drain rElec
                  | rCorr SInv}
 30117 | D:13     | Found a gate to the Vaults.
 30517 | D:14     | Identified the +4 chain mail of the Watchman {*Corrode
                  | rElec Will+}
 30872 | D:14     | Noticed Nessos
 30890 | D:14     | Killed Nessos
 31184 | D:14     | Reached skill level 13 in Translocations
 31568 | D:15     | Entered Level 15 of the Dungeon
 31568 | D:15     | Found an ornate altar of the Wu Jian Council.
 31568 | D:15     | Noticed Jorgrun
 31573 | D:15     | Noticed Agnes
 31575 | D:15     | Noticed Josephine
 31924 | Swamp:1  | Entered Level 1 of the Swamp
 32825 | Swamp:1  | Reached skill level 15 in Dodging
 33236 | Spider:1 | Entered Level 1 of the Spider Nest
 33837 | D:7      | Bought a ring of protection from fire for 250 gold pieces
 34059 | Elf:1    | Entered Level 1 of the Elven Halls
 34335 | Elf:1    | Identified the +5 dagger "Iroteucaph" {elec, *Rage Fly rC++
                  | Str+2}
 34342 | Elf:1    | Noticed a deep elf sorcerer
 34352 | Elf:1    | Killed a deep elf sorcerer
 34933 | Swamp:1  | Noticed a fenstrider witch
 34937 | Swamp:1  | Paralysed by a fenstrider witch for 3 turns
 34941 | Swamp:1  | Killed a fenstrider witch
 35877 | Swamp:2  | Noticed Louise
 35930 | Swamp:2  | Killed Louise
 36190 | Swamp:1  | Reached XP level 15. HP: 76/77 MP: 11/17
 36385 | Swamp:2  | Found a runed translucent gate.
 36385 | Swamp:2  | Found a runed translucent gate.
 36385 | Swamp:2  | Found a runed translucent gate.
 36386 | Swamp:2  | Noticed Ypsiuj's ghost (adept GnSk)
 37162 | Lair:3   | Reached skill level 14 in Translocations
 37215 | Spider:1 | Noticed Asterion
 37230 | Spider:1 | Killed Asterion
 37240 | Spider:1 | Noticed Donald
 37271 | Lair:3   | Killed Donald
 37748 | Spider:1 | Noticed Roxanne
 37796 | Spider:1 | Identified the +2 robe "Gujowk" {rElec Regen+}
 38421 | Spider:2 | Noticed Arachne
 38469 | Spider:2 | Killed from afar by Arachne
 38469 | Spider:2 | Lost a life (1 life remaining)
 38557 | Spider:2 | Killed Arachne
 38589 | Spider:2 | Learned a level 4 spell: Passage of Golubria
 38689 | Spider:2 | Noticed Mlioglotl
 38699 | Spider:2 | Killed Mlioglotl
 38796 | Spider:2 | Identified the serpent talisman "Qairashi" {rC+}
 38796 | Spider:2 | Noticed Aizul
 39062 | Spider:2 | Killed Aizul
 41148 | Spider:3 | Blown up by an orb spider
 41148 | Spider:3 | Lost a life (0 lives remaining)
 41184 | Spider:3 | Reached XP level 16. HP: 93/93 MP: 20/20
 41184 | Spider:3 | Gained a life (1 life remaining)
 41248 | Spider:3 | Reached skill level 15 in Translocations
 41321 | Spider:3 | Reached skill level 10 in Ice Magic
 41995 | Spider:3 | Learned a level 3 spell: Swiftness
 42397 | Spider:4 | Entered Level 4 of the Spider Nest
 42560 | D:10     | Bought a granite talisman for 780 gold pieces
 42867 | Spider:4 | Reached skill level 15 in Shapeshifting
 43019 | Spider:4 | Reached skill level 15 in Fighting
 43813 | Spider:4 | Reached skill level 1 in Air Magic
 44307 | Spider:4 | Got a gossamer rune of Zot
 44499 | Swamp:2  | Killed Ypsiuj's ghost
 44500 | Swamp:2  | Reached skill level 16 in Translocations
 44752 | Swamp:3  | Identified a scroll of acquirement
 44786 | Swamp:3  | Reached XP level 17. HP: 100/100 MP: 21/24
 44786 | Swamp:3  | Gained a life (2 lives remaining)
 44803 | Swamp:3  | Acquired 1088 gold pieces
 44961 | D:10     | Bought the ring "Bodosch" {Will+ Str+6} for 631 gold pieces
 45073 | Orc:2    | Bought a book of the Warp for 546 gold pieces
 45080 | Orc:2    | Learned a level 6 spell: Dispersal
 45676 | Swamp:4  | Entered Level 4 of the Swamp
 46519 | Swamp:4  | Noticed the 27-headed Lernaean hydra
 46543 | Swamp:4  | Killed the 27-headed Lernaean hydra
 46882 | Swamp:4  | Got a decaying rune of Zot
 47285 | D:9      | Killed turdburglar's ghost
 47358 | D:9      | Identified the +7 dagger of Arrival {pain, Dex+2}
 47506 | D:12     | Found a portal to a secret trove of treasure.
 47903 | Elf:1    | You fall into a shaft and drop 1 floor!
 48272 | Elf:2    | Reached skill level 17 in Translocations
 48428 | Elf:2    | Found a runed translucent gate.
 48430 | Elf:2    | Found a runed translucent gate.
 48431 | Elf:2    | Found a runed translucent gate.
 48609 | Elf:2    | Found Mimousti's Weapon Boutique.
 49691 | Elf:3    | Entered Level 3 of the Elven Halls
 49694 | Elf:3    | Reached XP level 18. HP: 106/106 MP: 17/25
 49739 | Elf:3    | Reached skill level 5 in Air Magic
 49745 | Elf:3    | Noticed Bai Suzhen
 50102 | Elf:3    | Noticed Norris
 50299 | Elf:3    | Killed Norris
 50411 | Elf:3    | Found a runed translucent gate.
 50417 | Elf:3    | Found a runed translucent gate.
 50417 | Elf:3    | Found a runed translucent gate.
 50995 | Elf:2    | Killed Bai Suzhen
 51739 | Elf:3    | Identified the +8 triple sword "Tifap" {venom, +Blink rElec
                  | Stlth+}
 52059 | Elf:3    | Identified the +6 flail of Unpleasantness {pain, Int+4}
 52059 | Elf:3    | Identified the ring of Catyafe {rElec rC+ Will+ rCorr
                  | Int-2}
 52097 | Elf:3    | Identified the ring of the Commoners {+Blink MP+9 EV+5
                  | Int+2}
 52479 | Elf:3    | Identified the ring "Tusmunki" {rElec rCorr}
 52509 | Elf:3    | Identified the +7 triple sword "Urad" {drain, Dex+5}
 52509 | Elf:3    | Identified the ring "Quog Pabb" {*Corrode rPois AC+4 Dex+6}
 52821 | Elf:3    | Reached skill level 18 in Translocations
 53060 | Elf:3    | Identified the +4 rapier of Ufepaate {elec, rC+ Str+3}
 53180 | Elf:3    | Identified the staff "Qafficax" {rF- Dex+4 Conj}
 53475 | Vaults:1 | Entered Level 1 of the Vaults
 53499 | Vaults:1 | Identified the +5 mace of Wrath {flame, rN+ Will+ Stlth+}
 53791 | D:15     | Noticed Kirke
 53796 | D:14     | Killed Agnes
 53804 | D:14     | Killed Kirke
 54133 | D:14     | Killed Josephine
 54237 | D:15     | Killed Jorgrun
 54513 | D:15     | Found a hide-covered altar of Uskayaw.
 54689 | D:15     | Found a staircase to the Depths.
 56657 | Vaults:1 | Reached XP level 19. HP: 111/111 MP: 26/26
 56667 | Vaults:1 | Found Tuyf's Magic Scroll Shoppe.
 56676 | Vaults:1 | Bought a scroll of teleportation for 51 gold pieces
 56676 | Vaults:1 | Bought a scroll of blinking for 127 gold pieces
 58541 | Vaults:2 | Found Paghempo's Weapon Shoppe.
 59084 | Vaults:2 | Reached skill level 15 in Unarmed Combat
 59975 | Vaults:3 | Reached skill level 19 in Translocations
 60228 | Vaults:3 | Noticed Nikola
 60239 | Vaults:3 | Killed Nikola
 60423 | Vaults:3 | Found a staircase to the Crypt.
 60695 | Vaults:3 | Found Woinufih's Weapon Shop.
 61242 | Vaults:4 | Found a flickering gateway to a bazaar.
 61259 | Bazaar   | Entered a bazaar
 61265 | Bazaar   | Found Izenwil's Antique Weapon Shop.
 61276 | Bazaar   | Found Biox's Magic Scroll Shoppe.
 61280 | Bazaar   | Bought a scroll of teleportation for 33 gold pieces
 61280 | Bazaar   | Bought 2 scrolls of fear for 88 gold pieces
 61300 | Bazaar   | Found Qisu's Armour Shop.
 61310 | Bazaar   | Found Fattituada's Distillery.
 61317 | Bazaar   | Bought a potion of resistance for 130 gold pieces
 61317 | Bazaar   | Bought a potion of mutation for 104 gold pieces
 61597 | Vaults:4 | Reached skill level 10 in Stealth
 61604 | Vaults:4 | Reached XP level 20. HP: 111/111 MP: 20/27
 62650 | Vaults:4 | Reached skill level 5 in Spellcasting
 62954 | Crypt:1  | Entered Level 1 of the Crypt
 63903 | Crypt:2  | Noticed Sojobo
 63907 | Crypt:1  | Killed Sojobo
 63909 | Crypt:1  | Reached skill level 20 in Translocations
 65265 | Crypt:3  | Entered Level 3 of the Crypt
 65582 | Crypt:3  | Found a staircase to the Tomb.
 65587 | Crypt:3  | Identified the ring "Qocauqer" {rPois rF+++ rN+ Str-4
                  | Int-3}
 65587 | Crypt:3  | Identified the amulet of a Hundred Dances {Will++ Regen+
                  | Slay+2}
 65587 | Crypt:3  | Identified the ring "Pasko" {rC+ rN+ Will+}
 65602 | Crypt:3  | Identified the staff "Ifiexa Ykinn" {rF+ rC+ Ice}
 65648 | Crypt:3  | Reached XP level 21. HP: 123/123 MP: 29/29
 66369 | Crypt:3  | Found an ancient bone altar of Kikubaaqudgha.
 66369 | Crypt:3  | Noticed a dread lich
 66378 | Crypt:3  | Killed a dread lich
 66414 | Crypt:3  | Identified the +6 arbalest of the Ecumenical Temple {speed,
                  | Dex+5}
 66876 | Depths:1 | Entered Level 1 of the Depths
 66887 | Depths:1 | Found a one-way gateway to a ziggurat.
 66910 | Depths:1 | Found a one-way gate leading to the halls of Pandemonium.
 67780 | Depths:1 | Learned a level 1 spell: Apportation
 67819 | Depths:1 | Incinerated by a balrug
 67819 | Depths:1 | Lost a life (1 life remaining)
 67820 | Depths:1 | Found a gateway to Hell.
 67916 | Depths:1 | Found Riacin's Overcharged Wands.
 67930 | Depths:1 | Noticed Boris
 67940 | Depths:1 | Killed Boris
 68358 | Depths:2 | Reached skill level 21 in Translocations
 68494 | Depths:2 | Found a runed translucent gate.
 68494 | Depths:2 | Found a runed translucent gate.
 68494 | Depths:2 | Found a runed translucent gate.
 68830 | Depths:2 | Noticed a caustic shrike
 68839 | Depths:2 | Killed a caustic shrike
 69353 | Depths:2 | Noticed the Enchantress
 69387 | Depths:2 | Killed the Enchantress
 69567 | Depths:3 | Found Ateonwu's Jewellery Shoppe.
 69687 | Depths:3 | Noticed Boris
 69703 | Depths:3 | Killed Boris
 69993 | Depths:3 | Reached XP level 22. HP: 130/130 MP: 30/30
 69993 | Depths:3 | Gained a life (2 lives remaining)
 70333 | Depths:3 | Found a one-way gate to the infinite horrors of the Abyss.
 70559 | Depths:3 | Noticed a juggernaut
 70980 | Depths:3 | Killed a juggernaut
 71232 | Depths:3 | Identified the staff of Invincibility {^Fragile rC+ Str+5
                  | Tloc Ice Earth}
 71240 | Depths:3 | Identified the ring of Xom's Passing Interest {Ice rN+
                  | MP+9}
 71281 | Depths:3 | Noticed a juggernaut
 71585 | Depths:3 | Killed a juggernaut
 71791 | Depths:4 | Entered Level 4 of the Depths
 71791 | Depths:4 | Noticed Boris
 72137 | Depths:4 | Killed Boris
 72414 | Depths:4 | Found Luasoph's Jewellery Emporium.
 72414 | Depths:4 | Found Olach's Armour Shoppe.
 72558 | Depths:4 | Reached skill level 22 in Translocations
 72621 | Depths:4 | Found a shimmering blue altar of Sif Muna.
 72678 | Depths:4 | Gained mutation: You do not regenerate when monsters are
                  | visible. [a shining eye]
 72724 | Depths:3 | Lost mutation: You do not regenerate when monsters are
                  | visible. [potion of mutation]
 72724 | Depths:3 | Gained mutation: You have a somewhat thin skeletal
                  | structure. (Dex +2, Stealth+) [potion of mutation]
 72724 | Depths:3 | Gained mutation: You have a pair of small horns on your
                  | head. [potion of mutation]
 73181 | Depths:4 | Found a hide-covered altar of Uskayaw.
 73636 | Depths:4 | Identified the ring "Muomyod" {Wiz *Slow rC+ rN+++}
 73928 | Depths:4 | Found a gate to the Realm of Zot.
 73943 | Depths:4 | Reached XP level 23. HP: 135/135 MP: 34/34
 74139 | Depths:3 | Voluntarily entered the Abyss.
 74188 | Abyss:2  | Found a corrupted altar of Lugonu.
 74758 | Abyss:3  | Found a corrupted altar of Lugonu.
 75027 | Depths:3 | Escaped the Abyss
 75324 | Slime:1  | Entered Level 1 of the Pits of Slime
 76289 | Slime:3  | Reached skill level 23 in Translocations
 76459 | Slime:3  | Gained mutation: Potions cannot restore your health. [a
                  | shining eye]
 76463 | Slime:2  | Lost mutation: You have a somewhat thin skeletal structure.
                  | (Dex +2, Stealth+) [potion of mutation]
 76463 | Slime:2  | Lost mutation: Potions cannot restore your health. [potion
                  | of mutation]
 76463 | Slime:2  | Lost mutation: You have a pair of small horns on your head.
                  | [potion of mutation]
 76463 | Slime:2  | Gained mutation: You expend magic power (3 MP) to
                  | strengthen your wands. [potion of mutation]
 76463 | Slime:2  | Gained mutation: Your mind is acute. (Int +4, Str/Dex -1)
                  | [potion of mutation]
 76463 | Slime:2  | Gained mutation: Your flesh is cold resistant. (rC+)
                  | [potion of mutation]
 76917 | Slime:5  | Entered Level 5 of the Pits of Slime
 77093 | Slime:5  | Gained mutation: Your body sometimes deteriorates upon
                  | taking damage. [a shining eye]
 77094 | Slime:5  | Gained mutation: You are occasionally teleported next to
                  | monsters. [a shining eye]
 77098 | Slime:4  | Lost mutation: You are occasionally teleported next to
                  | monsters. [potion of mutation]
 77098 | Slime:4  | Lost mutation: You expend magic power (3 MP) to strengthen
                  | your wands. [potion of mutation]
 77098 | Slime:4  | Lost mutation: Your mind is acute. (Int +4, Str/Dex -1)
                  | [potion of mutation]
 77098 | Slime:4  | Gained mutation: You have hidden genetic potential. [potion
                  | of mutation]
 77409 | Slime:5  | Noticed the Royal Jelly
 78413 | Slime:5  | Killed the Royal Jelly
 78604 | Slime:5  | Got a slimy rune of Zot
 78669 | Slime:5  | Identified the amulet of the Final Decision {Acrobat rElec
                  | rF+}
 78670 | Slime:5  | Identified the amulet "Kuezahith" {Faith Str+4 Dex-2
                  | Slay+3}
 79249 | Tomb:1   | Entered Level 1 of the Tomb of the Ancients
 79368 | Tomb:1   | Reached XP level 24. HP: 138/138 MP: 35/36
 80568 | Hell     | Entered the Vestibule of Hell
 80568 | Hell     | Noticed Geryon
 80603 | Hell     | Killed Geryon
 80840 | D:12     | You paid a toll of the horn of Geryon to enter a treasure
                  | trove
 80841 | Trove    | Entered a treasure trove
 80856 | Trove    | Got the Anthology of Hail
 80862 | Trove    | Got Sif Muna's Folio of Points
 80880 | Trove    | Got Sif Muna's Discourse on Voltaic Anathema
 80887 | Trove    | Got the Exposition on Harmful Abhorrent Deeds
 80893 | Trove    | Got Sif Muna's Guide on the Heated Sixfirhy
 80919 | D:12     | Learned a level 2 spell: Lesser Beckoning
 81178 | Zot:1    | Entered Level 1 of the Realm of Zot
 81508 | Zot:1    | Noticed an orb of fire
 81787 | Zot:1    | Reached skill level 24 in Translocations
 81872 | Zot:1    | Found a runed translucent gate.
 81872 | Zot:1    | Found a runed translucent gate.
 81872 | Zot:1    | Found a runed translucent gate.
 81872 | Zot:1    | Noticed brilapsti's ghost (veteran TrFi)
 82817 | Zot:1    | Noticed Parghit
 83122 | Zot:1    | Killed Parghit
 83511 | Zot:1    | Gained mutation: You are very weak. (Str -4) [an orb of
                  | fire]
 83512 | Zot:1    | Killed an orb of fire
 83513 | Zot:1    | Lost mutation: You have hidden genetic potential. [potion
                  | of mutation]
 83513 | Zot:1    | Lost mutation: Your flesh is cold resistant. (rC+) [potion
                  | of mutation]
 83513 | Zot:1    | Gained mutation: You have a pair of small horns on your
                  | head. [potion of mutation]
 83513 | Zot:1    | Gained mutation: You possess an exceptional clarity of
                  | mind. [potion of mutation]
 83625 | Zot:1    | Lost mutation: You have a pair of small horns on your head.
                  | [potion of mutation]
 83625 | Zot:1    | Lost mutation: Your body sometimes deteriorates upon taking
                  | damage. [potion of mutation]
 83625 | Zot:1    | Lost mutation: You possess an exceptional clarity of mind.
                  | [potion of mutation]
 83625 | Zot:1    | Gained mutation: You have a somewhat thin skeletal
                  | structure. (Dex +2, Stealth+) [potion of mutation]
 83625 | Zot:1    | Lost mutation: You have a somewhat thin skeletal structure.
                  | (Dex +2, Stealth+) [potion of mutation]
 83625 | Zot:1    | Gained mutation: You are somewhat resistant to further
                  | mutation. [potion of mutation]
 85847 | Zot:3    | Reached XP level 25. HP: 148/148 MP: 19/37
 86017 | Zot:3    | Found a runed translucent door.
 86017 | Zot:3    | Noticed Purph's ghost (master DsGl)
 86664 | Zot:2    | Reached skill level 10 in Spellcasting
 87193 | Zot:4    | Found a runed translucent gate.
 87193 | Zot:4    | Found a runed translucent gate.
 87693 | Zot:4    | Noticed Heisao's ghost (legendary TrBe)
 87700 | Zot:4    | Found a runed translucent gate.
 87769 | Zot:5    | Entered Level 5 of the Realm of Zot
 87876 | Zot:5    | Found a huge runed translucent gate.
 87876 | Zot:5    | Found a huge runed translucent gate.
 87876 | Zot:5    | Found a huge runed translucent gate.
 87876 | Zot:5    | Found a huge runed translucent gate.
 87876 | Zot:5    | Found a huge runed translucent gate.
 87876 | Zot:5    | Found a huge runed translucent gate.
 87876 | Zot:5    | Found a huge runed translucent gate.
 87876 | Zot:5    | Found a huge runed translucent gate.
 87938 | Zot:5    | Reached skill level 25 in Translocations
 87948 | Zot:5    | Found a huge runed translucent gate.
 87966 | Zot:5    | Found a huge runed translucent gate.
 87966 | Zot:5    | Found a huge runed translucent gate.
 87967 | Zot:5    | Found a huge runed translucent gate.
 87967 | Zot:5    | Found a huge runed translucent gate.
 87973 | Zot:5    | Found a huge runed translucent gate.
 87982 | Zot:5    | Found a huge runed translucent gate.
 87982 | Zot:5    | Found a huge runed translucent gate.
 87983 | Zot:5    | Found a huge runed translucent gate.
 87984 | Zot:5    | Found a huge runed translucent gate.
 87985 | Zot:5    | Found a huge runed translucent gate.
 87986 | Zot:5    | Found a huge runed translucent gate.
 87987 | Zot:5    | Found a huge runed translucent gate.
 87987 | Zot:5    | Found a huge runed translucent gate.
 87992 | Zot:5    | Found a huge runed translucent gate.
 87993 | Zot:5    | Found a huge runed translucent gate.
 87993 | Zot:5    | Found a huge runed translucent gate.
 87993 | Zot:5    | Found a huge runed translucent gate.
 87993 | Zot:5    | Found a huge runed translucent gate.
 87996 | Zot:5    | Found a huge runed translucent gate.
 87997 | Zot:5    | Found a huge runed translucent gate.
 87998 | Zot:5    | Found a huge runed translucent gate.
 87998 | Zot:5    | Found a huge runed translucent gate.
 88002 | Zot:5    | Found a huge runed translucent gate.
 88003 | Zot:5    | Found a huge runed translucent gate.
 88004 | Zot:5    | Found a huge runed translucent gate.
 88004 | Zot:5    | Found a huge runed translucent gate.
 88008 | Zot:5    | Found a huge runed translucent gate.
 88074 | Zot:5    | Found a large runed translucent door.
 88074 | Zot:5    | Found a large runed translucent door.
 88075 | Zot:5    | Noticed AutarchDCSS's ghost (legendary BaHu)
 88644 | Zot:3    | Killed Heisao's ghost
 89646 | Zot:5    | Noticed a dread lich
 89661 | Zot:5    | Killed a dread lich
 89855 | Zot:5    | Noticed an ancient lich
 89876 | Zot:5    | Killed an ancient lich
 89916 | Zot:5    | Noticed an orb of fire
 89928 | Zot:5    | Noticed an ancient lich
 89939 | Zot:5    | Killed an orb of fire
 89945 | Zot:5    | Killed an ancient lich
 90038 | Zot:5    | Noticed an ancient lich
 90043 | Zot:5    | Killed an ancient lich
 90386 | Zot:5    | Reached XP level 26. HP: 147/155 MP: 19/38
 90525 | Zot:5    | Noticed an orb of fire
 90526 | Zot:5    | Noticed an orb of fire
 90878 | Zot:5    | Gained mutation: You are dopey. (Int -2) [an orb of fire]
 90883 | Zot:5    | Killed an orb of fire
 90884 | Zot:5    | Reached skill level 15 in Stealth
 90885 | Zot:5    | Killed an orb of fire
 90886 | Zot:5    | Reached skill level 26 in Translocations
 91872 | Depths:3 | Voluntarily entered the Abyss.
 92025 | Depths:3 | Escaped the Abyss
 92272 | Zot:5    | Got the Orb of Zot
 92680 | D:8      | Noticed Woawutuj the pandemonium lord
 92689 | D:8      | Noticed Hurchaupu the pandemonium lord
 92852 | D:$      | Escaped with the Orb!

Illustrated notes

Levels and vault maps discovered:
D:1:      lightli_arrival_quake, layout_loops_ring, serial_shops,
          nicolae_shop_just_a_little_nook, serial_bayou_lagoon_b
D:2:      layout_basic, basic_ecumenical_altar, st_stairs_3,
          nicolae_elevator_lobby_asterisk
D:3:      layout_rooms, serial_shops, shop_scrolls
D:4:      layout_cave_pools, serial_undead, serial_undead_c, serial_undead_b,
          serial_undead_f, serial_undead_e, serial_undead_f
D:5:      layout_rooms, cheibrodos_ashenzari_chains, mainiacjoe_overflow_paths,
          nicolae_overflow_crystal_walls
D:6:      layout_rooms, general_overflow_altar, minmay_temple_entry_mist,
          uniq_eustachio, uniq_edmund
D:7:      layout_rooms, nicolae_qazlal_beasts_of_the_sky, serial_shops,
          nicolae_shop_hallway_plus, uniq_crazy_yiuf_cottage
D:8:      layout_basic, grunt_temple_overflow_opulence, serial_bayou_lake_a,
          uniq_grum
D:9:      layout_basic, nicolae_overflow_hidden_temple,
          gammafunk_ghost_wrathful_warriors, serial_shops, shop,
          dilly_guarded_unrand_morg
D:10:     layout_loops_ring, fedhas_bush_and_centaur_altar,
          minmay_orc_entry_temple_small, serial_shops, nicolae_shop_crystal,
          shop
D:11:     layout_basic, erik_lair_orcish_takeover, minmay_crystal_water,
          grunt_dithmenos_smoke_and_mirrors
D:12:     layout_irregular_city, nicolae_trove_entry_crystal
D:13:     layout_roguey, hellmonk_vaults_order_and_chaos, zin_angel
D:14:     layout_loops_ring, infiniplex_staircase_pool, uniq_nessos
D:15:     grunt_enter_depths_snipers, layout_rooms,
          chequers_serial_rivers_large_b, hangedman_feature_mirror,
          uniq_josephine, uniq_jorgrun, uniq_kirke, uniq_agnes
Lair:1:   kb_forest_paths, layout_cave_shapes, nicolae_quartered_pool_super
Lair:2:   layout_roguey
Lair:3:   layout_cave_pods, minmay_swamp_entry_reptiles,
          hellmonk_spider_entry_not_the_bees, serial_bayou_shore_b,
          uniq_gastronok
Lair:4:   layout_regular_city, nicolae_slime_entry_slimehenge
Lair:5:   due_jungle_book, layout_regular_city, basic_altar, grunt_megastairs_4,
          lemuel_fruit_fields, lemuel_fruit_tree
Swamp:1:  layout_basic_swamp, nicolae_swamp_round_clearing, swamp_pool_1_2
Swamp:2:  layout_basic_swamp, ebering_ghost_rock_garden,
          nicolae_swamp_decorative_isthmus, uniq_louise
Swamp:3:  layout_basic_swamp, evilmike_swamp_ruin_house_3, swamp_pool_1_2,
          st_shrine_of_shade
Swamp:4:  swamp_old_school, layout_basic_swamp, swamp_pool_1_2,
          hangedman_swamp_cone, nicolae_swamp_long_stream
Spider:1: layout_spider_delve, drop_trap, hellmonk_motheaten_closet,
          uniq_donald, uniq_asterion, uniq_roxanne
Spider:2: spiders_nest_a, uniq_aizul, uniq_arachne, uniq_mlioglotl
Spider:3: layout_spider_delve, hangedman_spider_tarantella_strand
Spider:4: johnstein_spider_rune_arachne_lair, nicolae_spider_nooks_and_crannies
Slime:1:  layout_caves
Slime:2:  layout_caves, basic_altar
Slime:3:  layout_caves
Slime:4:  layout_caves, cheibrodos_slime_lost_civilization_4
Slime:5:  slime_pit_nicolae_inversion
Orc:1:    layout_diamond_mine, basic_altar, special_room [special_room_orc]
Orc:2:    pubby_orc_utopia, uniq_azrael
Elf:1:    eino_elf_arrival_sip, layout_loops_corners, evilmike_minifort
Elf:2:    elven_hall_of_blades_hangedman_original
          [nicolae_blade_entry_floor_patterns], layout_onion_city, serial_shops,
          nicolae_shop_advertising_works [nicolae_subvault_shop_adworks],
          item_on_display_a
Elf:3:    minmay_elf_hall_curves, layout_loops_corners,
          nicolae_elf_hall_of_bonks, uniq_bai_suzhen, uniq_norris
Vaults:1: nicolae_vaults_trapezoid_1, nicolae_vaults_big_ls, serial_ice_h,
          ontoclasm_vaults_ring_square, grunt_vaults_twisty, vaults_mumra_lcd,
          hangedman_vaults_stretched_pinwheel, nicolae_vaults_house_2,
          nicolae_vaults_tangram_2, nicolae_vaults_ring_of_whatevers,
          v_alt_pattern_6, nicolae_vaults_little_squares_3,
          layout_vaults_omnigrid, serial_shops, nicolae_lakefront_shop
Vaults:2: v_misc_18, nicolae_vaults_cornered_office, nicolae_vaults_trapezoid_2,
          nicolae_vaults_little_ls, v_misc_33, nicolae_vaults_border_crossing,
          vaults_dpeg_spiral, nicolae_vaults_offset_grid_hallway_3,
          nicolae_vaults_taking_the_gang_shopping, nicolae_vaults_tetromino_T_1,
          serial_ice_b, hangedman_vaults_slice, layout_vaults_chaotic_city
Vaults:3: ontoclasm_vaults_gateway, hangedman_vaults_stitches,
          minmay_crypt_entry_skeletal_spiral, grunt_vaults_hallway_short,
          nicolae_vaults_six-pack, serial_ice_b, hangedman_vaults_cutoff,
          ontoclasm_vaults_eye, nicolae_vaults_big_angled_halls,
          nicolae_vaults_closet_pinwheel_5, nicolae_vaults_door_testing_chamber,
          nicolae_vaults_tetromino_Z_1, nicolae_vaults_circle_grid_b,
          vaults_dpeg_emergency_exit, nicolae_vaults_tangram_2,
          layout_vaults_omnibox, serial_shops, nicolae_shop_real_fake_doors,
          uniq_nikola
Vaults:4: nicolae_vaults_triangles, nicolae_vaults_trapezoid_1, v_pattern_1,
          nicolae_vaults_what_the_h, nicolae_vaults_six-pack, v_alt_pattern_3,
          nicolae_vaults_windows_and_doors_thing,
          nicolae_vaults_crenellated_ambush, v_misc_3,
          ontoclasm_vaults_decontamination, vaults_room_pools,
          nicolae_vaults_trapezoid_3, grunt_vaults_hallway_short,
          layout_vaults_omnicross, serial_shops, bzr_firewalk
Crypt:1:  layout_misc_corridors, lemuel_statue_altar, minivault_24, uniq_grunn
Crypt:2:  layout_regular_city, grunt_ministairs_4, uniq_sojobo
Crypt:3:  cryptofortress_bobbens
Tomb:1
Depths:1: layout_roguey, enter_ziggurat_d, pan_entry, lightli_too_deep,
          nicolae_shop_overcharged_wands, hangedman_decor_cross_pass, uniq_boris
Depths:2: kennysheep_large_spiral, layout_cave_pools,
          hangedman_tar_grid_catacomb, rand_demon_pan_entry_3,
          minmay_misc_feat_iff, pandoras_box_mu, infiniplex_staircase_spiral,
          uniq_enchantress
Depths:3: cheibrodos_leafed_vault, layout_honeycomb, hangedman_geh_valley,
          kennysheep_small_spiral, abyss_entry, grunt_pan_entry_spiral,
          serial_shops, shop_fountains
Depths:4: lemuel_castle_with_subvaults [lemuel_castle_interior_carwin_3],
          layout_small_grid, lemuel_blue_sif_altar, special_room
          [special_room_jelly], hell_entry, ebering_dispersal_statue_hall,
          dancing_weapons_uskayaw, minmay_shoptagon, uniq_josephina
Hell
Zot:1:    kennysheep_room_grid, layout_basic, gammafunk_ghost_ooze,
          regret_index_zotdec_stipple_waver, uniq_parghit
Zot:2:    layout_concentric_octagons, regret_index_zotdec_golden_two_three,
          grunt_ministairs_10
Zot:3:    layout_cathedral_of_symmetry, regret_index_zotdec_dark_gr,
          ebering_ghost_inner_flame, grunt_megastairs_5
Zot:4:    layout_misc_corridors, gammafunk_ghost_split,
          regret_index_zotdec_silver_v_v_orig_slice
Zot:5:    layout_cathedral_of_symmetry, ebering_ghost_disaster_area,
          not_door_vault_due

Skill      XL: |  1  2  3  4  5  6  7  8  9 10 11 12 13 14 15 16 17 18 19 20 21 22 23 24 25 26 |
---------------+-------------------------------------------------------------------------------+-----
Dodging        | 3 4 5 6 8 10 12 13 14 15 16 17 18 19 20 21 22 23 24 25 | 25.8
Shapeshifting  | 3 4 5 6 9 8 11 12 13 14 15 16 17 18 19 20 21 23 | 23.0
Stealth        | 1 2 3 4 5 7 10 14 15 | 15.8
Fighting       | 2 3 4 7 8 9 10 11 13 14 15 16 17 18 19 20 21 | 21.8
Unarmed Combat | 4 5 6 8 9 10 11 12 13 14 15 16 17 18 19 20 | 20.2
Translocations | 5 7 9 10 12 13 14 16 17 18 19 20 21 22 23 24 25 26 | 26.3
Ice Magic      | 3 4 5 7 8 9 10 | 10.0
Spellcasting   | 1 2 4 5 7 8 9 10 | 10.0
Air Magic      | 2 4 6 7 8 |  8.0

Action                     |  1- 3 |  4- 6 |  7- 9 | 10-12 | 13-15 | 16-18 | 19-21 | 22-24 | 25-27 || total
---------------------------+-------+-------+-------+-------+-------+-------+-------+-------+-------++-------
  Melee: Unarmed           |   107 |    92 |   433 |  1303 |  2124 |  1543 |  2023 |  2353 |  1067 || 11045
         Punch             |     2 |     3 |    14 |    47 |    57 |   103 |   171 |   242 |   123 ||   762
         Bite              |     6 |    11 |    55 |   210 |   283 |   119 |   222 |   200 |       ||  1106
         Maw               |       |       |       |   215 |   227 |    46 |       |       |       ||   488
         Constrict         |       |       |       |       |    33 |       |       |       |       ||    33
         Tailslap          |       |       |       |       |       |    15 |     4 |    11 |       ||    30
         Headbutt          |       |       |       |       |       |       |       |   160 |       ||   160
   Cast: Foxfire           |     3 |    18 |   105 |    54 |       |       |     1 |     2 |       ||   183
         Ozocubu's Armour  |       |       |    21 |    69 |    78 |    32 |    47 |    39 |    16 ||   302
         Blink             |       |       |     2 |     5 |    14 |     3 |     9 |     9 |     5 ||    47
         Manifold Assault  |       |       |       |   117 |   322 |   600 |   560 |   736 |   310 ||  2645
         Passage of Golubr |       |       |       |       |     2 |    35 |    16 |    23 |    14 ||    90
         Swiftness         |       |       |       |       |       |    14 |    10 |    25 |     8 ||    57
         Dispersal         |       |       |       |       |       |     2 |     6 |    20 |    10 ||    38
         Apportation       |       |       |       |       |       |       |       |    19 |     1 ||    20
         Lesser Beckoning  |       |       |       |       |       |       |       |     9 |    12 ||    21
 Invoke: Reject Sacrifices |     1 |       |       |     2 |       |       |       |       |       ||     3
         Sacrifice Artific |       |     1 |       |       |       |       |       |       |       ||     1
         Sacrifice Purity  |       |       |     1 |     1 |       |       |       |       |       ||     2
         Draw Out Power    |       |       |     5 |     7 |    18 |     3 |     3 |     1 |     1 ||    38
         Power Leap        |       |       |     2 |     2 |     2 |     2 |     1 |     4 |     1 ||    14
         Sacrifice Experie |       |       |     1 |       |       |       |       |       |       ||     1
         Sacrifice Drink   |       |       |       |       |     1 |       |       |       |       ||     1
         Sacrifice Love    |       |       |       |       |     1 |       |       |       |       ||     1
         Apocalypse        |       |       |       |       |     4 |     5 |     3 |     2 |     2 ||    16
Ability: Breathe Fire      |       |       |       |       |       |     2 |       |       |       ||     2
         Blinkbolt         |       |       |       |       |       |       |       |     7 |    28 ||    35
    Use: Potion            |       |     1 |     2 |     4 |     8 |     5 |       |    14 |     4 ||    38
         Scroll            |       |       |    11 |     4 |     7 |    16 |     5 |    10 |     7 ||    60
   Stab: Sleeping          |     4 |     6 |     2 |     9 |    11 |     9 |    16 |    20 |       ||    77
         Distracted        |       |     1 |     3 |     5 |    14 |     8 |     7 |    13 |    10 ||    61
         Invisible         |       |     1 |     6 |     4 |    12 |     6 |     5 |     3 |       ||    37
         Petrified         |       |       |       |     2 |       |       |       |       |       ||     2
         Paralysed         |       |       |       |       |     7 |     9 |     6 |     2 |     1 ||    25
         Confused          |       |       |       |       |       |       |     1 |     3 |       ||     4
 Armour: Skin              |    31 |    22 |   143 |   330 |   624 |   613 |   617 |   693 |   144 ||  3217
  Dodge: Dodged            |    70 |    66 |   412 |  1072 |  1566 |  1268 |  2059 |  2145 |   716 ||  9374
   Form: Flux              |       |       |     1 |     3 |     3 |       |       |       |       ||     7
         Maw               |       |       |       |     3 |     6 |       |       |       |       ||     9
                           |       |       |       |     1 |       |     1 |       |       |       ||     2
         Serpent           |       |       |       |       |     2 |     2 |       |       |       ||     4
         Statue            |       |       |       |       |       |     4 |     4 |     2 |       ||    10
         Dragon            |       |       |       |       |       |     2 |     3 |     3 |       ||     8
         Storm             |       |       |       |       |       |       |       |     1 |       ||     1
